 Dungeon Crawl Stone Soup version 0.21-a0-273-g0785366 (webtiles) character file.

29 Espgualade the Chiller (level 3, -4/22 HPs)
             Began as a Tengu Ice Elementalist on Sept 17, 2017.
             Slain by a worm (12 damage)
             ... on level 2 of the Dungeon.
             The game lasted 00:03:06 (2046 turns).

Espgualade the Chiller (Tengu Ice Elementalist)     Turns: 2046, Time: 00:03:07

Health: -4/22      AC:  7    Str:  8    XL:     3   Next: 16%
Magic:  4/7        EV: 12    Int: 16    God:
Gold:   52         SH:  0    Dex: 14    Spells: 0/6 levels left

rFire    . . .     SeeInvis .   g - +0 hand axe
rCold    . . .     Gourm    .   (no shield)
rNeg     . . .     Faith    .   a - +0 robe
rPois    .         Spirit   .   (helmet restricted)
rElec    .         Reflect  .   (no cloak)
rCorr    .         Harm     .   (no gloves)
MR       .....                  (boots unavailable)
Stlth    ++........             (no amulet)
HPRegen  0.07/turn              (no ring)
MPRegen  0.10/turn              (no ring)

@: icy armour, slow
A: beak, talons 3
a: no special abilities


You were on level 2 of the Dungeon.
You were not hungry.

You visited 1 branch of the dungeon, and saw 2 of its levels.

You collected 52 gold pieces.

Inventory:

Hand Weapons
 g - a +0 hand axe (weapon)
Armour
 a - a +0 robe (worn)
Jewellery
 l - an uncursed ring of protection from magic {unknown}
Scrolls
 d - 2 scrolls of teleportation {unknown}
 i - a scroll of blinking {unknown}
 k - a scroll of identify {unknown}
 m - a scroll of remove curse {unknown}
 o - a scroll of enchant weapon {unknown}
 p - a scroll of immolation {unknown}
Potions
 e - a potion of invisibility {unknown}
 f - 3 potions of curing {unknown}
 h - a potion of agility {unknown}
Books
 b - a book of Frost

   Spells                             Type                      Level
   a - Freeze                         Ice                          1
   b - Throw Frost                    Conjuration/Ice              2
   c - Ozocubu's Armour               Charms/Ice                   3
   d - Throw Icicle                   Conjuration/Ice              4
   e - Summon Ice Beast               Ice/Summoning                4
 n - a book of Cantrips

   Spells                             Type                      Level
   a - Confusing Touch                Hexes                        1
   b - Animate Skeleton               Necromancy                   1
   c - Summon Small Mammal            Summoning                    1
   d - Apportation                    Translocation                1
Comestibles
 c - 3 bread rations
 j - a meat ration


   Skills:
 + Level 2.6 Fighting
 - Level 2.1 Dodging
 - Level 2.0 Stealth
 - Level 2.0 Spellcasting
 - Level 1.3 Conjurations
 - Level 2.6 Ice Magic


You couldn't memorise any spells.
You knew the following spells:

 Your Spells              Type           Power        Failure   Level  Hunger
a - Freeze                Ice            ##..         7%          1    #......
b - Throw Frost           Conj/Ice       #.....       14%         2    ###....
c - Ozocubu's Armour      Chrm/Ice       #.......     34%         3    ###....


Dungeon Overview and Level Annotations

Branches:
Dungeon (2/15)

Altars:


Innate Abilities, Weirdness & Mutations

You have a beak for a mouth.
You have claws for feet.


Message History

You finish memorising.
Spell assigned to 'c'.
Casting: Freeze
Confirm with . or Enter, or press ? or * to list all spells.
A film of ice covers your body!
You hit the worm. You claw the worm.
The worm is moderately wounded.
The worm bites you!
You hit the worm. You claw the worm.
The worm is heavily wounded.
The worm barely misses you.
You hit the worm. Your peck misses the worm.
The worm is heavily wounded.
You barely miss the worm.
The worm is heavily wounded.
The worm bites you.
You hit the worm. You claw the worm. You peck the worm.
The worm is almost dead.
The worm bites you!
Ouch! That really hurt!
You die...

.# #.# #.# #.# #########
#.# # #.......# #.#####
## #.#####@#####.#...#
##. # #.#
#w..........####.# .
#.#####.#####.#..)....##
# #.##....#
##.w.#######.# #
#.##.##.# #.....# #. #
#####.##.##.# ##...## #
#### #...........# ##.##
##### ...# #.####.#.####
#.# #.... ##.#
#.####....# #.# #.###


You could see a worm.

Vanquished Creatures
  A leopard gecko (D:2)
  A ball python (D:1)
  A giant cockroach (D:2)
  5 goblins (D:2)
  4 hobgoblins (D:1)
  4 kobolds
  A quokka (D:2)
  4 bats
  3 rats
24 creatures vanquished.

Notes
Turn   | Place    | Note
-------+----------+-------------------------------------------
     0 | D:1      | Espgualade the Tengu Ice Elementalist began the quest for the Orb.
     0 | D:1      | Reached XP level 1. HP: 10/10 MP: 4/4
    32 | D:1      | You fall through a shaft!
   409 | D:2      | Reached skill level 1 in Fighting
   481 | D:1      | Reached XP level 2. HP: 7/16 MP: 4/6
  1487 | D:2      | Learned a level 2 spell: Throw Frost
  1690 | D:2      | Reached XP level 3. HP: 22/22 MP: 7/7
  2040 | D:2      | Learned a level 3 spell: Ozocubu's Armour
  2046 | D:2      | Slain by a worm

Vault maps used:
D:1:      nzn_arrival_settlement
D:2:      minitemple, first_bread, minmay_unequal

Skill      XL: |  1  2 |
---------------+-------+-----
Fighting       | 1 2 |  2.6
Dodging        | |  2.1
Stealth        | |  2.0
Spellcasting   | |  2.0
Conjurations   | |  1.3
Ice Magic      | |  2.6

Action                   || total
-------------------------++-------
Melee: Unarmed           ||    30
       Peck              ||    13
       Kick              ||    19
       Hand axe          ||    48
 Cast: Freeze            ||     7
       Ozocubu's Armour  ||     1
 Stab: Sleeping          ||     4
  Eat: Chunk             ||     3
       Bread ration      ||     1
Armor: Robe              ||    14
Dodge: Dodged            ||    46

Table legend:
 A = Spawn XP
 B = Non-spawn XP
 C = Spawn XP percentage of total XP
 D = Spawn monster count
 E = Non-spawn monster count
 F = Spawn count percentage of total count
 G = Total turns spent on level
                    A         B        C        D         E        F      G
               +---------+---------+-------+---------+---------+-------+---------
         Total |       0 |      42 |   0.0 |       0 |      24 |   0.0 |  2046
               +---------+---------+-------+---------+---------+-------+---------
           D:1 |       0 |      20 |   0.0 |       0 |      12 |   0.0 |  1103
           D:2 |       0 |      22 |   0.0 |       0 |      12 |   0.0 |   943
               +---------+---------+-------+---------+---------+-------+---------
